[Event "WTCC-65 2018"]
[Site "Radebeul"]
[Date "2018.07.08"]
[Round "2"]
[White "Weiss, Werner"]
[Black "Donchenko, Anatoly G"]
[Result "0-1"]
[ECO "B50"]
[WhiteElo "2116"]
[BlackElo "2301"]
[Annotator "NA"]
[PlyCount "80"]
[EventDate "2018.07.07"]
[EventType "team-tourn"]
[EventCountry "GER"]
[SourceTitle "playchess.com"]
[Source "ChessBase"]
[SourceQuality "1"]
[TimeControl "40/5400+30:1800+30"]

1. e4 c5 2. Nf3 d6 3. d3 g6 4. g3 Bg7 5. Bg2 Nc6 6. O-O Bg4 7. h3 Bxf3 8. Qxf3 Nf6 {[%emt 0:00:29] LiveBook: 13 Partien} 9. c3 {[%emt 0:00:56] A04: Holländisches System ohne Übergang in andere Systeme} O-O (9... Nd7 10. Be3 b5 11. Qe2 Rc8 12. a3 a5 13. Nd2 b4 14. Rac1 O-O 15. f4 bxc3 16. bxc3 {1-0 (36) Predojevic,B (2639)-Seyb,A (2420) Austria 2016}) 10. Qe2 Qc7 11. Bf4 $146 ({Vorgänger:} 11. Be3 b6 12. Nd2 Rad8 13. f4 d5 14. e5 Nd7 15. Rac1 {½-½ (45) Six,S (1987)-Zitny,P (1820) IECC email 1998}) 11... Rab8 12. Rd1 Nd7 13. Nd2 b5 14. Nf3 b4 15. c4 ({White should play} 15. d4 $11) 15... a5 16. h4 a4 17. Rab1 e6 18. Qd2 a3 19. b3 Nde5 $17 20. Bxe5 Bxe5 21. h5 Bg7 22. Bh3 Qe7 23. h6 Bc3 24. Qe3 Rbe8 25. Kg2 f5 26. Rbc1 Nd4 27. Ng5 e5 28. f4 exf4 29. gxf4 Ne6 30. Nxe6 Qxe6 31. Qg3 Kh8 32. Kh1 Qf6 33. exf5 gxf5 34. Qg7+ Qxg7 35. hxg7+ Kxg7 36. Rc2 Kf6 37. Rg2 Re3 38. Rh2 Rfe8 39. Rf1 Re1 40. Rhf2 Bd4 0-1

[Event "WTCC-65 2018"]
[Site "Radebeul"]
[Date "2018.07.08"]
[Round "2"]
[White "Woeber, Friedrich"]
[Black "Giffard, Nicolas"]
[Result "1/2-1/2"]
[ECO "B13"]
[WhiteElo "2114"]
[BlackElo "2260"]
[Annotator "NA"]
[PlyCount "89"]
[EventDate "2018.07.07"]
[EventType "team-tourn"]
[EventCountry "GER"]
[SourceTitle "playchess.com"]
[Source "ChessBase"]
[SourceQuality "1"]
[TimeControl "40/5400+30:1800+30"]

1. e4 c6 2. d4 d5 3. exd5 cxd5 4. Bd3 Nc6 5. c3 Qc7 6. h3 e6 {[%emt 0:04:32] B13: Caro-Kann: Exchange Variation and Panov-Botvinnik Attack} (6... e5 7. dxe5 Nxe5 8. Nf3 Bd6 9. Nxe5 Bxe5 10. O-O Nf6 11. Nd2 O-O 12. Nf3 Bd6 13. Re1 h6 14. Nd4 {0-1 (82) Malakhov,V (2686)-Howell,D (2676) Riadh 2017}) 7. Nf3 Bd6 {[%emt 0:02:00] LiveBook: 21 Games} 8. O-O h6 9. Re1 Nge7 10. c4 $146 ({Predecessor:} 10. b4 a6 11. a4 O-O 12. Ra2 f6 13. Bc2 e5 14. Bb3 {½-½ (49) Ulybin,M (2538)-Brunello,S (2552) Alghero 2011}) 10... dxc4 11. Bxc4 O-O 12. Nc3 a6 13. Ne4 Bf4 14. Bxf4 Qxf4 15. Ng3 Rd8 16. Re4 Qd6 17. Qe2 Bd7 18. Re1 Rac8 19. Rg4 Na5 20. Bd3 f5 21. Rxg7+ Kxg7 22. Nh5+ Kf8 23. Qd2 $14 Ng8 24. Qxa5 Be8 25. Ng3 Bc6 26. Bxf5 Bxf3 27. Rxe6 Rc1+ 28. Kh2 Qxd4 29. Qa3+ Kf7 30. Qxf3 Qd1 31. Qxd1 Rdxd1 32. Ne4 Rc6 33. Rxc6 bxc6 34. a4 Ne7 35. Bg4 Rb1 36. Nd6+ Kf6 37. Nc4 Rc1 38. b3 Rb1 39. Na5 Nd5 40. Be2 Nb4 41. Bc4 Re1 42. g4 Re5 43. Nb7 Re7 44. Na5 Re5 45. Nb7 1/2-1/2

[Event "WTCC-65 2018"]
[Site "Radebeul"]
[Date "2018.07.08"]
[Round "2"]
[White "Maes, Valeer"]
[Black "Schmidt, Bodo"]
[Result "1/2-1/2"]
[ECO "D70"]
[WhiteElo "2088"]
[BlackElo "2344"]
[Annotator "ChessBase"]
[PlyCount "101"]
[EventDate "2018.07.07"]
[EventType "team-tourn"]
[EventCountry "GER"]
[SourceTitle "playchess.com"]
[Source "ChessBase"]
[SourceQuality "1"]
[TimeControl "40/5400+30:1800+30"]

1. d4 d5 2. Nf3 Nf6 3. c4 c6 4. Nbd2 Bf5 5. g3 e6 6. Bg2 h6 7. O-O Nbd7 8. b3 Bd6 9. Bb2 O-O 10. Ne5 Qe7 11. Nxd7 Qxd7 12. Re1 Bg6 13. Qc1 Rfd8 14. Bc3 Qe7 15. a4 c5 16. e3 Ne4 17. Nxe4 Bxe4 18. cxd5 exd5 19. dxc5 Bxc5 20. Qb2 f6 21. Bd4 Rac8 22. Bh3 Rc7 23. Bxc5 Rxc5 24. Rac1 b6 25. Qd4 a5 26. Rc3 Rxc3 27. Qxc3 Qb4 28. Rc1 Qxc3 29. Rxc3 d4 30. exd4 Rxd4 31. Be6+ Kf8 32. f3 Ke7 33. Bg8 Bd5 34. Bxd5 Rxd5 35. Rc7+ Kd6 36. Rxg7 Rd3 37. Rg6 Ke5 38. Kf2 Rd2+ 39. Ke3 Rxh2 40. Kd3 h5 41. Rh6 Rh3 42. Rg6 h4 43. gxh4 Rxf3+ 44. Kc2 Rf4 45. h5 Kd4 46. h6 Rf2+ 47. Kd1 Ke5 48. Rg8 Rh2 49. Rb8 Rxh6 50. Rxb6 Kd4 51. b4 1/2-1/2

[Event "WTCC-65 2018"]
[Site "Radebeul"]
[Date "2018.07.08"]
[Round "2"]
[White "Van de Wynkele, Herman"]
[Black "Schulze, Ulrich"]
[Result "1/2-1/2"]
[ECO "B12"]
[WhiteElo "2084"]
[BlackElo "2313"]
[Annotator "NA"]
[PlyCount "37"]
[EventDate "2018.07.07"]
[EventType "team-tourn"]
[EventCountry "GER"]
[SourceTitle "playchess.com"]
[Source "ChessBase"]
[SourceQuality "1"]
[TimeControl "40/5400+30:1800+30"]

1. e4 c6 2. d4 d5 3. e5 c5 4. dxc5 Nc6 5. Bb5 e6 6. Be3 Nge7 7. c3 Bd7 8. Bxc6 Bxc6 9. Bd4 Nf5 10. Ne2 Nxd4 11. cxd4 b6 12. cxb6 Qxb6 13. Qd2 Rb8 14. Nbc3 Qxb2 15. Qxb2 Rxb2 16. O-O Ba3 17. Rab1 $15 Rxb1 18. Rxb1 Kd7 19. Nb5 1/2-1/2

[Event "WTCC-65 2018"]
[Site "Radebeul"]
[Date "2018.07.08"]
[Round "2"]
[White "Lindner, Jan Joost"]
[Black "Shushpanov, Vladimir"]
[Result "1/2-1/2"]
[ECO "B10"]
[WhiteElo "2058"]
[BlackElo "2198"]
[Annotator "NA"]
[PlyCount "73"]
[EventDate "2018.07.07"]
[EventType "team-tourn"]
[EventCountry "GER"]
[SourceTitle "playchess.com"]
[Source "ChessBase"]
[SourceQuality "1"]
[TimeControl "40/5400+30:1800+30"]

1. e4 c6 2. Be2 d5 3. d3 g6 4. f4 Bg7 5. Nf3 Bg4 6. O-O e6 7. c3 Nf6 8. h3 Bxf3 9. Bxf3 dxe4 10. dxe4 Qxd1 11. Rxd1 Nbd7 12. Nd2 Nc5 13. e5 Nd5 14. Nc4 O-O 15. Nd6 Rad8 16. c4 Rxd6 17. exd6 Nb6 18. Be3 Ncd7 19. b3 Bxa1 20. Rxa1 Rd8 21. a4 $18 Nc8 22. c5 Nf6 23. Bd4 Nd5 24. Bxd5 cxd5 25. Bf6 Rd7 26. a5 a6 27. Kf2 Na7 28. b4 Kf8 29. Ke3 Ke8 30. g4 Kf8 31. g5 Kg8 32. h4 Kf8 33. Kd3 Kg8 34. Rb1 Kf8 35. Rb2 Kg8 36. Rb1 Kf8 37. Rb2 1/2-1/2

[Event "WTCC-65 2018"]
[Site "Radebeul"]
[Date "2018.07.08"]
[Round "2"]
[White "Kahn, Peter"]
[Black "Stebbings, Anthony J"]
[Result "0-1"]
[ECO "B22"]
[WhiteElo "2050"]
[BlackElo "2257"]
[Annotator "NA"]
[PlyCount "84"]
[EventDate "2018.07.07"]
[EventType "team-tourn"]
[EventCountry "GER"]
[SourceTitle "playchess.com"]
[Source "ChessBase"]
[SourceQuality "1"]
[TimeControl "40/5400+30:1800+30"]

1. e4 c5 2. c3 Nf6 3. e5 Nd5 4. d4 cxd4 5. Nf3 e6 6. cxd4 d6 7. Bc4 Nc6 8. O-O Be7 {[%emt 0:00:22] LiveBook: 1809 Partien} 9. Nc3 Nxc3 {[%emt 0:01:34] B22: Sizilianisch (Alapin 2.c3)} 10. bxc3 dxe5 11. dxe5 Qxd1 12. Rxd1 Bd7 13. a4 Rc8 14. Ba3 $146 ({Vorgänger:} 14. a5 Nb8 15. Nd2 O-O 16. Ba3 Bxa3 17. Rxa3 {½-½ (36) Votava,J (2380)-David,P (2400) Czechoslovakia 1991}) 14... Bxa3 15. Rxa3 Ke7 16. Bd3 $17 Na5 17. Nd2 Rc5 18. f4 Bc6 19. c4 Rd8 20. Rc1 h6 21. Kf2 b6 22. g3 Bxa4 23. Ne4 Rc7 24. Nd6 Bc6 25. c5 Bd5 26. Nb5 Rcd7 27. cxb6 axb6 28. Rac3 Nb3 29. Rb1 Nc5 30. Nd6 Ra8 31. Rxb6 Na4 32. Rbc6 Nxc3 33. Rxc3 Ra2+ 34. Kg1 Rg2+ 35. Kf1 Rxh2 36. Rc8 Rxd6 37. exd6+ Kxd6 38. Bb5 g5 39. fxg5 hxg5 40. Be2 Ke5 41. Rg8 f6 42. Rg6 Ke4 0-1

[Event "WTCC-65 2018"]
[Site "Radebeul"]
[Date "2018.07.08"]
[Round "2"]
[White "Zunker, Reinhard"]
[Black "Bartsch, Berthold"]
[Result "1/2-1/2"]
[ECO "B29"]
[WhiteElo "2024"]
[BlackElo "2248"]
[Annotator "NA"]
[PlyCount "78"]
[EventDate "2018.07.07"]
[EventType "team-tourn"]
[EventCountry "GER"]
[SourceTitle "playchess.com"]
[Source "ChessBase"]
[SourceQuality "1"]
[TimeControl "40/5400+30:1800+30"]

1. e4 c5 2. Nf3 Nf6 3. e5 Nd5 4. Nc3 Nxc3 5. dxc3 e6 6. Bf4 Be7 7. h4 Nc6 8. Qe2 Qa5 9. Qe3 b5 10. Nd2 Ba6 11. Bd3 O-O-O 12. h5 f6 13. a4 c4 14. Be2 b4 15. Bxc4 bxc3 16. bxc3 $16 fxe5 17. Bxa6+ Qxa6 18. Bxe5 Nxe5 19. Qxe5 Bf6 20. Qc5+ Kb8 21. Ne4 Rc8 22. Qb4+ Ka8 23. Nxf6 gxf6 24. Qb5 Qxb5 25. axb5 Kb7 26. Rh3 Rhg8 27. O-O-O Rc7 28. Rf3 f5 29. g3 Rg5 30. Rfd3 Kc8 31. Kb2 Rxh5 32. Kb3 Rh2 33. R1d2 h5 34. Rd4 Rh1 35. Rd1 Rxd1 36. Rxd1 d5 37. Rd4 Kb7 38. c4 dxc4+ 39. Rxc4 Rd7 1/2-1/2

[Event "WTCC-65 2018"]
[Site "Radebeul"]
[Date "2018.07.09"]
[Round "3"]
[White "Vaisser, Anatoly"]
[Black "Clara, Hans Joachim"]
[Result "0-1"]
[ECO "A01"]
[WhiteElo "2502"]
[BlackElo "2289"]
[Annotator "ChessBase"]
[PlyCount "113"]
[EventDate "2018.07.07"]
[EventType "team-tourn"]
[EventCountry "GER"]
[SourceTitle "playchess.com"]
[Source "ChessBase"]
[SourceQuality "1"]
[TimeControl "40/5400+30:1800+30"]

1. b3 Nf6 2. Bb2 e6 3. e3 d5 4. f4 Be7 5. Nf3 O-O 6. Bd3 b6 7. Qe2 Bb7 8. O-O Nbd7 9. c4 c5 10. Nc3 Ne4 11. Bc2 Bf6 12. d4 Nxc3 13. Bxc3 dxc4 14. bxc4 Bxf3 15. Rxf3 g6 16. Rd1 Qc7 17. Be1 cxd4 18. exd4 Rad8 19. Bf2 Nb8 20. d5 exd5 21. cxd5 Qd6 22. g4 Rfe8 23. Re3 Rxe3 24. Qxe3 Nd7 25. g5 Bg7 26. Ba4 Nc5 27. Bc6 Ne6 28. Bg3 Bd4 29. Rxd4 Nxd4 30. f5 Qc5 31. f6 Nxc6 32. Qxc5 bxc5 33. dxc6 Rc8 34. c7 Kf8 35. Kf2 Ke8 36. Ke3 Kd7 37. Ke4 Kc6 38. a4 Re8+ 39. Kd3 a6 40. Kc3 Kd5 41. Kd3 Kc6 42. Kc3 Kd7 43. Kd3 Re6 44. h4 Rb6 45. Kc4 Rb4+ 46. Kxc5 Rxa4 47. Kb6 Kc8 48. Be1 Re4 49. Bg3 Re6+ 50. Ka5 Re3 51. Bf2 Re2 52. Bg3 Kb7 53. Kb4 Rc2 54. Ka5 Rg2 55. Be1 Ra2+ 56. Kb4 Kxc7 57. Kc5 0-1

[Event "WTCC-65 2018"]
[Site "Radebeul"]
[Date "2018.07.09"]
[Round "3"]
[White "Zhelnin, Vladimir V"]
[Black "Malmdin, Nils Ake"]
[Result "1/2-1/2"]
[ECO "B08"]
[WhiteElo "2453"]
[BlackElo "2138"]
[Annotator "ChessBase"]
[PlyCount "140"]
[EventDate "2018.07.07"]
[EventType "team-tourn"]
[EventCountry "GER"]
[SourceTitle "playchess.com"]
[Source "ChessBase"]
[SourceQuality "1"]
[TimeControl "40/5400+30:1800+30"]

1. e4 g6 2. d4 Bg7 3. Nf3 d6 4. Be2 Nf6 5. Nc3 O-O 6. O-O Nc6 7. d5 Nb8 8. Re1 e5 9. dxe6 Bxe6 10. Nd4 Bd7 11. Bg5 h6 12. Bh4 Nc6 13. Nxc6 Bxc6 14. Bd3 Qd7 15. f3 b5 16. Qd2 g5 17. Bf2 Nh5 18. Bf1 Nf4 19. Bd4 f6 20. Rad1 a6 21. Be3 Ng6 22. Ne2 g4 23. fxg4 Qxg4 24. Ng3 Kh7 25. Be2 Qd7 26. h3 Ne5 27. b3 Rg8 28. Bf4 f5 29. exf5 Bf6 30. Bh5 Rxg3 31. Bxg3 Qxf5 32. Bxe5 Bxe5 33. Qd3 Qxd3 34. Rxd3 Rg8 35. Bf3 Be8 36. Bb7 a5 37. Bd5 Rg7 38. c4 b4 39. Be4+ Kg8 40. Rd5 a4 41. Ra5 axb3 42. axb3 Re7 43. Re2 Kg7 44. Bf3 Bg6 45. g4 Bd3 46. Rd2 Bg6 47. Kg2 Be8 48. Re2 Bg6 49. Ra8 Be8 50. h4 Bg6 51. Bc6 Rf7 52. Rc8 Bd3 53. Rf2 Re7 54. Rff8 Bc2 55. Rh8 Bh7 56. Rhe8 Rxe8 57. Rxe8 Bc2 58. Re7+ Kf6 59. Rxc7 Bxb3 60. Be4 Bd1 61. Rb7 b3 62. c5 dxc5 63. Rb6+ Ke7 64. Bd5 b2 65. g5 hxg5 66. hxg5 Bc2 67. Ba2 c4 68. Bxc4 b1=Q 69. Rxb1 Bxb1 70. Kf3 Bg6 {[%emt 0:00:35] Ke4} 1/2-1/2

[Event "WTCC-65 2018"]
[Site "Radebeul"]
[Date "2018.07.09"]
[Round "3"]
[White "Seret, Jean-Luc"]
[Black "Bosbach, Gerhard"]
[Result "1/2-1/2"]
[ECO "B40"]
[WhiteElo "2353"]
[BlackElo "2161"]
[Annotator "NA"]
[PlyCount "47"]
[EventDate "2018.07.07"]
[EventType "team-tourn"]
[EventCountry "GER"]
[SourceTitle "playchess.com"]
[Source "ChessBase"]
[SourceQuality "1"]
[TimeControl "40/5400+30:1800+30"]

1. e4 c5 2. Nf3 e6 3. c3 Nf6 4. d3 d5 5. Qe2 {[%emt 0:00:30] B40: Sicilian: 2...e6, Unusual lines} (5. e5 Nfd7 6. d4 Nc6 7. Be2 f6 8. exf6 Nxf6 9. O-O Bd6 10. Be3 cxd4 11. cxd4 O-O 12. Nc3 a6 {½-½ (24) Zvjaginsev,V (2676)-Khairullin,I (2637) Belgorod 2010}) 5... Be7 6. e5 Nfd7 7. g3 Nc6 8. h4 h6 9. Bg2 b5 10. O-O Nb6 11. Be3 $146 ({Predecessor:} 11. d4 cxd4 12. Nxd4 Nxd4 13. cxd4 {0-1 (48) Dumont,S (2341)-Giaccio,A (2479) Sao Paulo 2004}) 11... a6 12. d4 cxd4 13. Nxd4 Nxe5 14. Bxh6 Rxh6 15. Qxe5 Bf6 16. Qe2 Kf8 17. Nd2 e5 18. Nc2 Be6 19. Ne3 Qc8 $11 20. Bf3 Rg6 21. Bh5 Rh6 22. Bg4 Be7 23. Bxe6 Rxe6 24. Nb3 1/2-1/2

[Event "WTCC-65 2018"]
[Site "Radebeul"]
[Date "2018.07.09"]
[Round "3"]
[White "Schmidt, Bodo"]
[Black "Postler, Reinhard"]
[Result "1/2-1/2"]
[ECO "D00"]
[WhiteElo "2344"]
[BlackElo "2243"]
[Annotator "NA"]
[PlyCount "42"]
[EventDate "2018.07.07"]
[EventType "team-tourn"]
[EventCountry "GER"]
[SourceTitle "playchess.com"]
[Source "ChessBase"]
[SourceQuality "1"]
[TimeControl "40/5400+30:1800+30"]

1. d4 d5 2. Bf4 Nf6 3. e3 e6 4. Nd2 c5 5. c3 Nc6 6. Ngf3 Bd6 7. Bg3 O-O 8. Bd3 b6 9. Ne5 Bb7 10. f4 Ne7 11. Qf3 Nf5 12. Bxf5 exf5 13. Bh4 Be7 14. Bxf6 Bxf6 15. h3 Be7 16. O-O-O f6 17. Nd3 Re8 18. g4 Bf8 $17 19. Nf1 Qe7 20. Nf2 cxd4 21. exd4 Qd8 1/2-1/2

[Event "WTCC-65 2018"]
[Site "Radebeul"]
[Date "2018.07.09"]
[Round "3"]
[White "Renman, Nils Gustaf"]
[Black "Sveshnikov, Evgeny"]
[Result "1/2-1/2"]
[ECO "D45"]
[WhiteElo "2343"]
[BlackElo "2464"]
[Annotator "ChessBase"]
[PlyCount "52"]
[EventDate "2018.07.07"]
[EventType "team-tourn"]
[EventCountry "GER"]
[SourceTitle "playchess.com"]
[Source "ChessBase"]
[SourceQuality "1"]
[TimeControl "40/5400+30:1800+30"]

1. d4 d5 2. Nf3 Nf6 3. c4 e6 4. Nc3 c6 5. e3 Nbd7 6. Qc2 Bd6 7. b3 O-O 8. Be2 b6 9. O-O Bb7 10. Bb2 Qe7 11. Rad1 Rfd8 12. e4 Nxe4 13. Nxe4 dxe4 14. Qxe4 Nf6 15. Qh4 c5 16. dxc5 Bxc5 17. Ne5 Ne4 18. Qxe7 Bxe7 19. Nd3 Bf6 20. Bxf6 gxf6 21. Rc1 Rd4 22. Rfd1 e5 23. f3 Nc5 24. Nf2 Rxd1+ 25. Rxd1 f5 26. Nd3 Rd8 1/2-1/2

[Event "WTCC-65 2018"]
[Site "Radebeul"]
[Date "2018.07.09"]
[Round "3"]
[White "Bellin, Robert"]
[Black "Harestad, Thor Geir"]
[Result "1/2-1/2"]
[ECO "B40"]
[WhiteElo "2333"]
[BlackElo "2205"]
[Annotator "NA"]
[PlyCount "69"]
[EventDate "2018.07.07"]
[EventType "team-tourn"]
[EventCountry "GER"]
[SourceTitle "playchess.com"]
[Source "ChessBase"]
[SourceQuality "1"]
[TimeControl "40/5400+30:1800+30"]

1. e4 c5 2. Nf3 e6 3. b3 Nc6 4. Bb2 d6 5. Bb5 Nge7 6. d4 cxd4 7. Nxd4 a6 8. Be2 e5 9. Nxc6 bxc6 10. h4 Be6 11. Bg4 Qd7 12. Bxe6 Qxe6 13. h5 h6 14. Qe2 Nc8 15. Nd2 Be7 16. Nc4 Bg5 17. Rd1 O-O 18. Rh3 f5 $16 19. Rhd3 Be7 20. exf5 Rxf5 21. Ne3 Rf8 22. g4 Nb6 23. c4 Rad8 24. Nf5 Nc8 25. Qe4 c5 26. f4 Rfe8 27. fxe5 Bf6 28. Re3 dxe5 29. Rd5 Rxd5 30. Qxd5 Qxd5 31. cxd5 Nb6 32. d6 Kf7 33. Ba3 Nd7 34. Re4 Rc8 35. Rc4 1/2-1/2

[Event "WTCC-65 2018"]
[Site "Radebeul"]
[Date "2018.07.09"]
[Round "3"]
[White "Rotstein, Jefim"]
[Black "Klundt, Klaus"]
[Result "1/2-1/2"]
[ECO "B47"]
[WhiteElo "2318"]
[BlackElo "2318"]
[Annotator "NA"]
[PlyCount "68"]
[EventDate "2018.07.07"]
[EventType "team-tourn"]
[EventCountry "GER"]
[SourceTitle "playchess.com"]
[Source "ChessBase"]
[SourceQuality "1"]
[TimeControl "40/5400+30:1800+30"]

1. e4 c5 2. Nf3 e6 3. d4 cxd4 4. Nxd4 Nc6 5. Nc3 Qc7 6. g3 a6 7. Bg2 d6 8. O-O Bd7 9. a4 Nf6 10. h3 Be7 11. Nde2 O-O {[%emt 0:05:09] LiveBook: 8 Games} 12. g4 {[%emt 0:01:06] B80: Sicilian Scheveningen: 6 g3 and 6 Be3, including English Attack} (12. Be3 Rab8 13. g4 Bc8 14. g5 Nd7 15. f4 b5 16. axb5 axb5 17. Qd3 Nc5 18. Bxc5 dxc5 19. Nxb5 c4 20. Qxc4 {½-½ (58) Ponkratov,P (2604)-Belous,V (2557) Khanty-Mansiysk 2015}) 12... Rac8 13. Be3 Nb4 14. g5 Ne8 15. f4 $146 g6 (15... d5 $5) 16. Ng3 Ng7 17. Rf2 f6 18. h4 fxg5 19. hxg5 e5 20. f5 gxf5 21. exf5 Nxf5 22. Nxf5 Bxf5 23. Nd5 Nxd5 24. Qxd5+ Kg7 25. Qxb7 Qxb7 26. Bxb7 Rxc2 27. Rxc2 Bxc2 28. Bxa6 d5 29. a5 d4 30. Bf2 Bc5 $15 31. b4 Bxb4 32. Bb7 Bc3 33. Ra3 Bb4 34. Ra1 Bc3 1/2-1/2

[Event "WTCC-65 2018"]
[Site "Radebeul"]
[Date "2018.07.09"]
[Round "3"]
[White "Schulze, Ulrich"]
[Black "Glatthor, Thomas"]
[Result "1-0"]
[ECO "A41"]
[WhiteElo "2313"]
[BlackElo "2066"]
[Annotator "NA"]
[PlyCount "159"]
[EventDate "2018.07.07"]
[EventType "team-tourn"]
[EventCountry "GER"]
[SourceTitle "playchess.com"]
[Source "ChessBase"]
[SourceQuality "1"]
[TimeControl "40/5400+30:1800+30"]

1. d4 d6 2. Nf3 Nf6 3. g3 g6 4. Bg2 Bg7 5. c4 Nbd7 6. Nc3 c6 7. O-O O-O 8. h3 e5 9. e4 Re8 10. Re1 h6 11. Be3 {[%emt 0:00:39] E69: King's Indian: Fianchetto: 6...Nbd7 7 0-0 e5 8 e4 c6 9 h3} Qe7 12. Qc2 b6 13. d5 c5 14. a3 $146 ({Predecessor:} 14. Rf1 Rf8 15. Ne1 Nh5 16. Qd1 a6 17. a4 Rb8 18. Nd3 Kh7 {1-0 (37) Thomassen,J (2400)-Pastor Pons,P (2143) San Sebastian 2012}) 14... Ba6 15. Nd2 Reb8 16. b4 Bc8 17. Nb3 a5 18. bxa5 bxa5 19. a4 Nb6 20. Nb5 Nh5 21. Bd2 Bd7 22. Nxa5 f5 23. Nc6 Bxc6 24. dxc6 Rf8 (24... f4 $142 25. a5 Nc8) 25. a5 Nc8 26. exf5 gxf5 27. Bf3 Nf6 28. Qxf5 e4 29. Rac1 Qf7 30. Bxe4 Ne7 31. Qf3 Nxe4 32. Qxf7+ Rxf7 33. Rxe4 Nxc6 34. Rce1 Nxa5 35. Re8+ Rf8 36. Rxf8+ Kxf8 37. Nxd6 Nb3 38. Be3 Nd4 39. Rb1 Rd8 40. Ne4 Rc8 41. Kg2 h5 42. Rb7 Ne6 43. Rd7 h4 44. Rd5 hxg3 45. fxg3 Bd4 46. Bxd4 cxd4 47. c5 Ra8 48. Ng5 Nxg5 49. Rxg5 Rd8 50. c6 d3 51. c7 Rc8 52. Rd5 Rxc7 53. Rxd3 Kg7 54. g4 Rc1 55. Kg3 Rb1 56. h4 Rg1+ 57. Kf4 Rb1 58. Rd7+ Kf6 59. Rd6+ Ke7 60. Ra6 Kf7 61. h5 Kg7 62. Kg5 Rb5+ 63. Kh4 Rb1 64. h6+ Kh7 65. Kh5 Rh1+ 66. Kg5 Rc1 67. Ra7+ Kh8 68. Kh5 Rb1 69. g5 Rb5 70. Re7 Rc5 71. Kg6 Rc6+ 72. Kf5 Rc5+ 73. Kf6 Rc6+ 74. Re6 Rc8 75. g6 Rf8+ 76. Ke5 Ra8 77. Rd6 Re8+ 78. Kf6 Rf8+ 79. Ke7 Rg8 80. Rd8 1-0

[Event "WTCC-65 2018"]
[Site "Radebeul"]
[Date "2018.07.09"]
[Round "3"]
[White "Mishuchkov, Nikolai M."]
[Black "Hassenrueck, Helmut"]
[Result "1/2-1/2"]
[ECO "A46"]
[WhiteElo "2311"]
[BlackElo "2189"]
[Annotator "NA"]
[PlyCount "68"]
[EventDate "2018.07.07"]
[EventType "team-tourn"]
[EventCountry "GER"]
[SourceTitle "playchess.com"]
[Source "ChessBase"]
[SourceQuality "1"]
[TimeControl "40/5400+30:1800+30"]

1. Nf3 Nf6 2. d4 e6 3. e3 b6 4. Bd3 Bb7 5. O-O d5 6. c4 Bd6 7. cxd5 exd5 8. b4 {[%emt 0:00:06] E14: Queen's Indian: Classical Variation (4 e3)} (8. b3 Qe7 9. Nc3 a6 10. Bb2 Nbd7 11. Ne2 Ne4 12. Ng3 g6 13. Rc1 O-O 14. Qc2 a5 15. Rfd1 Nxg3 16. hxg3 {½-½ (36) Vidit,S (2689)-Karjakin,S (2785) Doha 2016}) 8... O-O 9. Qb3 a5 10. b5 a4 11. Qc2 Qe7 $146 ({Predecessor:} 11... Nbd7 12. Ba3 Ne4 13. Bxd6 cxd6 14. Nbd2 Qe7 15. Rfc1 Rfe8 {½-½ (33) Gaprindashvili,N (2299)-Sveshnikov,E (2509) Yerevan 2016}) 12. Nc3 a3 13. Bd2 Nbd7 14. Bf5 Ne4 15. Qb3 Ndf6 16. Rad1 g6 17. Bh3 Kg7 18. Nxe4 dxe4 19. Ne5 Bd5 20. Qc2 h5 21. Nc6 Qe8 22. Rb1 Ng4 23. Bxg4 hxg4 24. Bb4 $19 Rh8 25. Bxd6 cxd6 26. Rfc1 Qe6 27. Nb4 Rac8 28. Qd2 Bc4 29. d5 Qe5 30. Qc3 Bxb5 31. Qxe5+ dxe5 32. Nc6 Bxc6 33. dxc6 Rhd8 34. g3 Rd2 1/2-1/2

[Event "WTCC-65 2018"]
[Site "Radebeul"]
[Date "2018.07.09"]
[Round "3"]
[White "Donchenko, Anatoly"]
[Black "Krauseneck, Peter"]
[Result "0-1"]
[ECO "A81"]
[WhiteElo "2301"]
[BlackElo "2147"]
[Annotator "NA"]
[PlyCount "136"]
[EventDate "2018.07.07"]
[EventType "team-tourn"]
[EventCountry "GER"]
[SourceTitle "playchess.com"]
[Source "ChessBase"]
[SourceQuality "1"]
[TimeControl "40/5400+30:1800+30"]

1. d4 e6 2. g3 f5 3. Bg2 Nf6 4. Nh3 d6 5. O-O Be7 6. c4 O-O 7. Nc3 e5 8. dxe5 dxe5 {[%emt 0:00:14] LiveBook: 15 Games} 9. e4 {A91: Classical Dutch: Early Deviations} Qxd1 (9... Nc6 10. Be3 Qxd1 11. Raxd1 Nxe4 12. Nxe4 fxe4 13. Ng5 Bg4 14. Rd5 Bxg5 15. Bxg5 Nd4 16. Rxe5 Nf3+ 17. Bxf3 Bxf3 {½-½ (41) Socko,B (2613)-Van Dooren,D (2284) Maastricht 2015}) 10. Rxd1 fxe4 $146 ({Predecessor:} 10... Nxe4 11. Nxe4 fxe4 12. Ng5 Bg4 13. Re1 Nc6 14. Bxe4 Nd4 15. Nxh7 Bb4 16. Nxf8 Bxe1 {½-½ (44) Denis,L (2200)-Roos,J (2350) France 1995}) 11. Ng5 Nc6 12. Ngxe4 Nxe4 13. Nxe4 Nd4 14. Be3 Bg4 15. Rd3 Be2 16. Rd2 Bb4 17. Nc3 Nf3+ 18. Bxf3 Bxf3 19. h3 a5 20. Rd3 Rad8 21. Nd5 Be2 22. Nxb4 Bxd3 23. Nxd3 Rxd3 24. Rc1 Rfd8 25. Rc2 a4 26. Kf1 Kf7 27. Ke2 Ke6 28. c5 Rd1 29. Rc4 Rb1 30. Rxa4 Rxb2+ 31. Kf3 Kd5 32. g4 Rf8+ 33. Kg3 h6 34. h4 Rf6 35. Ra8 g6 36. Rh8 Ke4 37. Kg2 Rf3 38. c6 b6 39. Kg1 Rh3 40. h5 gxh5 41. gxh5 Rxh5 42. Rh7 Rf5 43. Kg2 Rf3 44. Kg1 Rf6 45. Rxc7 Rc2 46. Rb7 Rfxc6 47. a4 Ra2 48. Bxb6 Rxa4 49. Be3 Ra1+ 50. Kh2 Rg6 51. Ba7 Ra2 52. Rb4+ Kf3 53. Rb3+ Kf4 54. Rb4+ e4 55. Rb7 Ra5 56. Bb8+ Kf3 57. Rf7+ Ke2 58. Bg3 Kf1 59. Rf4 Rh5+ 60. Bh4 Rg2+ $2 (60... Re5 61. Kh3 Ke2) 61. Kh3 Re5 62. Bf6 Re6 63. Bd4 h5 64. Rh4 Rxf2 65. Bxf2 Kxf2 66. Rf4+ Kg1 67. Rf8 e3 68. Rg8+ Kh1 0-1